AoeStats
← harooooo

MegaRandom

507786444Analyzed
4v4 RM · 13d ago on Sep 19, 2026· 37m 27s· 8 players
Game mode
Random Map
Map size
Large (8 player)
Population
200
Speed
Normal
Resources
Standard
Victory
Conquest
Starting age
Dark Age
Ending age
Imperial Age
RankedLock teamsTeams togetherTeam positionsShared explorationLock speedFull tech treeHidden civsTurbo modeCheats
Victory
Defeat
🇭🇷 Mapuche · Croatia
1726
+12
🇧🇦 Magyars · Bosnia & Herzegovina
1528
+20
🇭🇷 Bohemians · Croatia
1527
+20
🇧🇦 Khmer · Bosnia & Herzegovina
1482
+21
🇹🇼 Byzantines · Taiwan
1835
-27
🇩🇪 Lithuanians · Germany
1572
-17
🇺🇸 Teutons · United States
1567
-16
🇹🇼 Inca · Taiwan
1486
-13
L4rSeN
0:40 Loom
10:07 Feudal Age
10:50 Double-Bit Axe
10:47 Horse Collar
20:12 Castle Age
19:13 Forging
19:21 Bloodlines
21:07 Scale Barding Armor
25:14 Husbandry
31:42 Gold Mining
32:04 Town Watch
33:30 Chain Barding Armor
[TNT] TW_RED
0:32 Loom
0:36 Loom
11:26 Feudal Age
18:16 Castle Age
16:12 Fishing Lines
16:18 Double-Bit Axe
17:40 Forging
19:10 Medium Warships
19:30 Bow Saw
22:38 Squires
22:53 Fletching
24:53 Bodkin Arrow
27:17 Ballistics
31:37 Wheelbarrow
30:24 Elite Skirmisher
36:36 Horse Collar
騷護士
0:35 Loom
10:54 Feudal Age
17:33 Castle Age
22:29 Double-Bit Axe
26:19 Wheelbarrow
bcda
0:31 Loom
10:21 Feudal Age
10:59 Double-Bit Axe
14:40 Town Watch
15:45 Horse Collar
21:11 Castle Age
20:51 Gold Mining
21:01 Fishing Lines
22:12 Bow Saw
21:57 Gillnets
22:15 Fletching
24:23 Town Patrol
24:59 Wheelbarrow
24:53 Stone Mining
25:44 Bodkin Arrow
29:09 Scale Barding Armor
29:14 Forging
30:13 Chain Barding Armor
32:33 Guard Tower
33:27 Ballistics
32:45 Pikeman
39:00 Imperial Age
harooooo
0:29 Loom
11:51 Feudal Age
17:06 Castle Age
15:42 Double-Bit Axe
21:17 Scale Barding Armor
23:08 Bow Saw
26:56 Horse Collar
31:10 Wheelbarrow
32:00 Gold Mining
36:17 Imperial Age
34:07 Heavy Plow
34:56 Hand Cart
36:50 Fletching
ceepki
0:30 Loom
10:47 Feudal Age
14:39 Castle Age
14:25 Fletching
15:37 Town Watch
16:02 Double-Bit Axe
18:58 Elite Skirmisher
20:36 Horse Collar
24:23 Bodkin Arrow
26:39 Sanctity
28:35 Padded Archer Armor
29:58 Ballistics
31:00 Bow Saw
30:51 Heavy Plow
31:45 Wheelbarrow
36:23 Imperial Age
34:11 Hand Cart
34:58 Leather Archer Armor
36:00 Masonry
35:32 Treadmill Crane
36:51 Coinage
37:40 Ring Archer Armor
38:12 Chemistry
37:13 Gold Mining
37:13 Stone Mining
Athenaeis
11:55 Feudal Age
16:00 Castle Age
14:29 Loom
14:59 Horse Collar
27:27 Scale Barding Armor
28:02 Bloodlines
33:26 Double-Bit Axe
34:22 Husbandry
35:47 Gold Mining
39:09 Imperial Age
37:22 Wheelbarrow
37:29 Chain Barding Armor
37:20 Forging
Datalore
0:31 Loom
11:28 Feudal Age
15:47 Castle Age
13:57 Horse Collar
16:56 Double-Bit Axe
19:12 Fletching
20:51 Bodkin Arrow
21:40 Crossbowman
26:31 Ballistics
28:17 Chemistry
30:11 Wheelbarrow
32:34 Bow Saw
36:43 Imperial Age
35:25 Hand Cart
36:01 Padded Archer Armor
36:21 Fervor
36:46 Arbalester
37:28 Bracer
Connection lost

Rejoining the realm…

Still unreachable

The connection could not be restored.

Session expired

The server has moved on; the page needs a fresh start.